 Dungeon Crawl Stone Soup version 0.24-a0-441-g27f0392e16 (webtiles) character file.

Game seed: 17404500245210200219

18665 forest the Unseen (level 12, -8/66 HPs)
             Began as a Spriggan Assassin on June 20, 2019.
             Was an Elder of Dithmenos.
             Mangled by a demonic crawler (10 damage)
             ... on level 3 of the Lair of Beasts.
             The game lasted 00:57:00 (17490 turns).

forest the Unseen (Spriggan Assassin)              Turns: 17490, Time: 00:57:01

Health: -8/66      AC:  8    Str: 17    XL:     12   Next: 29%
Magic:  15/15      EV: 31    Int: 13    God:    Dithmenos [****..]
Gold:   898        SH:  0    Dex: 20    Spells: 3/13 levels left

rFire    + . .     SeeInvis +   h - +1 dagger (venom)
rCold    . . .     Gourm    .   (shield restricted)
rNeg     . . .     Faith    .   v - +1 robe {rF+}
rPois    +         Spirit   .   (helmet restricted)
rElec    +         Reflect  .   o - +2 cloak {rPois}
rCorr    .         Harm     .   (gloves unavailable)
MR       +....     Clarity  +   (boots unavailable)
Stlth    +++++++++.             u - amulet of the acrobat
HPRegen  0.21/turn              c - +6 ring of strength
MPRegen  0.14/turn              F - ring "Xaolu" {+Fly rElec rPois MR- Str+2}

@: wreathed by umbra, very quick
A: very small, unfitting armour, slimy green scales 1, see invisible, clarity,
herbivore, speed 3, robust 1, slow metabolism 2
a: Shadow Step, Renounce Religion, Evoke Flight


You were on level 3 of the Lair of Beasts.
You worshipped Dithmenos.
Dithmenos was greatly pleased with you.
You were not hungry.

You visited 4 branches of the dungeon, and saw 13 of its levels.
You also visited: Gauntlet.

You collected 898 gold pieces.

Inventory:

Hand Weapons
 h - a +1 dagger of venom (weapon)
 i - a +0 hunting sling
Missiles
 d - 66 poisoned darts (quivered)
 e - 2 curare-tipped darts
 g - 266 stones
 l - 6 throwing nets
 z - 57 sling bullets
Armour
 b - a +1 robe
 o - a +2 cloak of poison resistance (worn)
 v - a +1 robe of fire resistance (worn)
Jewellery
 c - a +6 ring of strength (left hand)
 r - an uncursed ring of magical power
 u - an amulet of the acrobat (around neck)
 B - a +3 ring of intelligence
 F - the ring "Xaolu" (right hand) {+Fly rElec rPois MR- Str+2}
   (You found it in a Gauntlet)

   [ring of flight]

   It affects your strength (+2).
   It insulates you from electricity.
   It protects you from poison.
   It affects your resistance to hostile enchantments.
   It lets you fly.
 G - an uncursed ring of fire
Wands
 k - a wand of polymorph (26)
 n - a wand of random effects (27)
 t - a wand of digging (8)
 x - a wand of iceblast (9)
 C - a wand of disintegration (23)
 E - a wand of enslavement (4)
Scrolls
 j - 8 scrolls of remove curse
 p - 3 scrolls of teleportation
 w - 7 scrolls of identify
 y - 3 scrolls of fog
 A - a scroll of blinking
 D - a scroll of enchant armour
Potions
 a - a potion of magic
 m - a potion of haste
 q - 4 potions of flight
 s - a potion of degeneration
Comestibles
 f - 14 rations


   Skills:
 + Level 5.9 Fighting
 + Level 9.4 Short Blades
 + Level 8.8(10.0) Slings
 + Level 6.3(7.9) Throwing
 + Level 13.3 Dodging
 + Level 16.1 Stealth
 + Level 1.0 Spellcasting
 + Level 2.2 Hexes
 + Level 0.1 Translocations
 + Level 2.7 Evocations


You had 3 spell levels left.
You knew the following spells:

 Your Spells              Type           Power        Failure   Level  Hunger
a - Slow                  Hex            #.......     17%         2    ###....
b - Blink                 Tloc           N/A          38%         2    ###....
c - Magic Dart            Conj           #...         28%         1    ##.....
d - Poisonous Vapours     Pois/Air       #.....       38%         2    ###....
e - Portal Projectile     Hex/Tloc       #.....       45%         3    ####...

Your spell library contained the following spells:

 Spells                   Type           Power        Failure   Level  Hunger
 Flame Tongue             Conj/Fire      #....        28%         1    ##.....
 Call Imp                 Summ           #.......     38%         2    ###....
 Throw Flame              Conj/Fire      #.....       38%         2    ###....
 Inner Flame              Hex/Fire       #.......     47%         3    ####...
 Conjure Flame            Conj/Fire      #.......     63%         3    ####...
 Gell's Gravitas          Tloc           #.........   63%         3    ####...
 Mephitic Cloud           Conj/Pois/Air  #.......     63%         3    ####...
 Force Lance              Conj/Tloc      #.......     95%         4    #####..
 Sticky Flame             Conj/Fire      #.......     95%         4    #####..
 Fireball                 Conj/Fire      #.........   100%        5    ######.
 Dispersal                Tloc           #.........   100%        6    #######
 Freezing Cloud           Conj/Ice/Air   #.........   100%        6    #######
 Ring of Flames           Chrm/Fire      #.........   100%        7    #######
 Controlled Blink         Tloc           N/A          100%        8    #######
 Disjunction              Tloc           #.........   100%        8    #######


Dungeon Overview and Level Annotations

Branches:
Dungeon (8/15)             Temple (1/1) D:4            Lair (3/6) D:8
 Spider (1/4) Lair:3
  Swamp: Lair:2-4    Shoals: Lair:2-4

Altars:
Ashenzari
Cheibriados
Dithmenos
Elyvilon
Fedhas
Gozag
Hepliaklqana
Kikubaaqudgha
Makhleb
Nemelex Xobeh
Okawaru
Qazlal
Ru
Sif Muna
Trog
Vehumet
Wu Jian
Xom
Yredelemnul
Zin
The Shining One


Innate Abilities, Weirdness & Mutations

You are very small and have problems with some larger weapons.
You are too small for most types of armour.
You have supernaturally acute eyesight. (SInv)
You are a herbivore.
You cover ground extremely quickly.
You need to consume almost no food.
You are partially covered in slimy green scales. (AC +2)
You possess an exceptional clarity of mind.
You are robust. (+10% HP)


Message History

The demonic crawler completely misses you.
The demonic crawler misses you. The demonic crawler hits you.
You barely miss the demonic crawler.
The demonic crawler is severely wounded.
Your shadow completely misses the demonic crawler.
You hit the demonic crawler but do no damage.
The demonic crawler is severely wounded.
The demonic crawler completely misses you. x2
The demonic crawler hits you!
* * * LOW HITPOINT WARNING * * *
You are caught in the web!
There is a web here.
You disentangle yourself.
The demonic crawler misses you. The demonic crawler hits you!
* * * LOW HITPOINT WARNING * * *
The demonic crawler completely misses you.
You are caught in the web!
There is a web here.
You disentangle yourself.
The demonic crawler hits you!
You die...

#......##.....#P#..#..####P#.##..
..#...######.#####..#..########..
........# ##..#.#.#.#..#.## #...
........# ##..###........# ##..
.#.#+.P## #.##^^...###..####..
###...## ##^^^^..###.....##.P #
#..## ####^...#^^^....##... ###.#
#..#...^^^^......##+# #...###
#...@s.^>^........... ##..#..##
##.....#^^^...^.......
#.......####......##^^^..(.......
...............^..^##^#..........
#...)...#..........^###..........
...รท....##...P..^...###.^........
........####.+.......#...........
#....#### ##......[..P..........
##..#### #####.###P...#.P.####


You could see a demonic crawler.

Vanquished Creatures
  A minotaur (Gauntlet)
  Harold (Lair:2)
  A hydra (Lair:1)
  A death yak (D:7)
  A queen ant (Gauntlet)
  A wolf spider (Lair:3)
  A deep elf mage (D:7)
  2 torpor snails
  Joseph (D:7)
  2 spiny frogs
  A rime drake (Lair:3)
  4 komodo dragons
  5 hippogriffs
  3 blink frogs (Lair:2)
  2 dream sheep (Lair:2)
  9 redbacks
  A tarantella (Lair:3)
  9 yaks
  3 fire bats (Gauntlet)
  A steam dragon (D:8)
  2 basilisks
  Menkaure (D:6)
  6 soldier ants (Gauntlet)
  7 water moccasins
  2 hell hounds (Gauntlet)
  A hornet zombie (D:8)
  3 porcupines (Lair:3)
  An orc warrior (D:7)
  2 necrophages
  2 ogres (D:5)
  A black bear (D:8)
  A phantom (D:6)
  3 wolves (Lair:2)
  7 crocodiles
  6 bullfrogs
  6 scorpions
  A howler monkey (D:8)
  9 wights
  3 crimson imps
  An iron imp (D:7)
  4 jellies
  A centaur skeleton (D:7)
  4 hounds
  7 orc wizards
  3 iguanas
  Natasha (thrice) (D:4)
  9 worker ants
  A hound zombie (D:7)
  A worker ant zombie (D:7)
  8 gnolls
  10 adders
  A shadow imp (D:5)
  An ooze (D:4)
  An adder zombie (D:5)
  2 worms (D:2)
  A dart slug (D:1)
  4 leopard geckos
  9 orcs
  13 bats
  7 giant cockroaches
  5 goblins
  4 hobgoblins
  2 jackals (D:4)
  3 quokkas
  4 frilled lizards
  8 kobolds
  3 leopard gecko skeletons
  A quokka skeleton (D:7)
  5 rats
240 creatures vanquished.

Vanquished Creatures (collateral kills)
  A fire crab (Gauntlet)
  2 fire bats (Gauntlet)
3 creatures vanquished.

Vanquished Creatures (others)
  2 adders
2 creatures vanquished.

Grand Total: 245 creatures vanquished

Notes
Turn   | Place    | Note
-------+----------+-------------------------------------------
     0 | D:1      | forest the Spriggan Assassin began the quest for the Orb.
     0 | D:1      | Reached XP level 1. HP: 10/10 MP: 2/2
    72 | D:1      | Reached skill level 6 in Stealth
   293 | D:1      | Reached XP level 2. HP: 11/14 MP: 3/3
   994 | D:2      | Reached skill level 7 in Stealth
   999 | D:2      | Reached XP level 3. HP: 1/18 MP: 4/4
  1475 | D:2      | Found a stormy altar of Qazlal.
  1619 | D:2      | Reached XP level 4. HP: 19/23 MP: 5/5
  2026 | D:3      | Found a shattered altar of Ashenzari.
  2028 | D:3      | Found a sacrificial altar of Ru.
  2075 | D:3      | Found an ancient bone altar of Kikubaaqudgha.
  2148 | D:3      | Reached skill level 8 in Stealth
  2245 | D:3      | Reached XP level 5. HP: 20/26 MP: 6/6
  2399 | D:3      | Gained mutation: You are partially covered in slimy green
                  | scales. (AC +2) [potion of mutation]
  2399 | D:3      | Gained mutation: You are robust. (+10% HP) [potion of
                  | mutation]
  2399 | D:3      | Gained mutation: You possess an exceptional clarity of
                  | mind. [potion of mutation]
  2704 | D:4      | Found a staircase to the Ecumenical Temple.
  2714 | Temple   | Entered the Ecumenical Temple
  2885 | Temple   | Became a worshipper of Dithmenos the Shadowed
  3043 | D:4      | Reached XP level 6. HP: 30/33 MP: 7/7
  3053 | D:4      | Reached skill level 9 in Stealth
  3560 | D:4      | Noticed Natasha
  3578 | D:4      | Killed Natasha
  3642 | D:4      | Noticed Natasha
  3655 | D:4      | Killed Natasha
  3809 | D:4      | Noticed Natasha
  3820 | D:4      | Killed Natasha
  3834 | D:5      | Entered Level 5 of the Dungeon
  3920 | D:5      | Reached skill level 10 in Stealth
  3920 | D:5      | Reached XP level 7. HP: 23/38 MP: 8/8
  4320 | D:5      | Reached * piety under Dithmenos
  4515 | D:5      | Reached skill level 5 in Short Blades
  4858 | D:5      | Reached skill level 11 in Stealth
  5208 | D:6      | Reached skill level 5 in Dodging
  5298 | D:6      | Reached XP level 8. HP: 24/41 MP: 9/9
  5506 | D:6      | Learned a level 2 spell: Slow
  5509 | D:6      | Learned a level 2 spell: Blink
  5511 | D:6      | Learned a level 1 spell: Magic Dart
  5762 | D:6      | Noticed Menkaure
  5915 | D:5      | Reached skill level 1 in Slings
  7236 | D:6      | Killed Menkaure
  7714 | D:6      | Reached skill level 5 in Slings
  7968 | D:7      | Reached ** piety under Dithmenos
  7992 | D:7      | Found a snail-covered altar of Cheibriados.
  8067 | D:7      | Reached XP level 9. HP: 45/45 MP: 10/10
  8231 | D:7      | Reached skill level 12 in Stealth
  8541 | D:7      | Noticed Joseph
  9024 | D:7      | Killed Joseph
  9266 | D:8      | Noticed a death yak
  9474 | D:7      | Killed a death yak
  9677 | D:8      | Found a staircase to the Lair.
  9677 | D:8      | Noticed a deep elf mage
  9991 | D:7      | Reached XP level 10. HP: 34/53 MP: 11/11
  9996 | D:7      | Killed a deep elf mage
 10510 | D:8      | Found a burning altar of Makhleb.
 10845 | D:8      | Reached skill level 1 in Spellcasting
 11471 | Lair:1   | Entered Level 1 of the Lair of Beasts
 11496 | Lair:1   | Found a gate leading to a gauntlet.
 11505 | Gauntlet | Entered a Gauntlet
 11505 | Gauntlet | Found a transporter.
 11505 | Gauntlet | Found a runed translucent door.
 11506 | Gauntlet | Found a runed translucent door.
 11509 | Gauntlet | Found a transporter.
 11509 | Gauntlet | Noticed a torpor snail
 11529 | Gauntlet | Found a transporter.
 11538 | Gauntlet | Found a transporter.
 11551 | Gauntlet | Got a steaming pewter ring
 11553 | Gauntlet | Identified the ring "Xaolu" {+Fly rElec rPois MR- Str+2}
                  | (You found it in a Gauntlet)
 11591 | Gauntlet | Reached skill level 10 in Dodging
 11624 | Gauntlet | Killed a torpor snail
 11624 | Gauntlet | Reached *** piety under Dithmenos
 11624 | Gauntlet | Reached skill level 5 in Fighting
 11861 | Gauntlet | Found a runed translucent door.
 11867 | Gauntlet | Noticed a queen ant
 11874 | Gauntlet | Found a transporter.
 11874 | Gauntlet | Found a transporter.
 11876 | Gauntlet | Found a transporter.
 11910 | Gauntlet | Reached skill level 13 in Stealth
 11951 | Gauntlet | Noticed a fire crab
 11992 | Gauntlet | Killed a queen ant
 12052 | Gauntlet | Noticed a hell beast
 12128 | Gauntlet | Found a runed translucent gate.
 12128 | Gauntlet | Found a runed translucent gate.
 12128 | Gauntlet | Found a runed translucent gate.
 12145 | Gauntlet | Found a transporter.
 12157 | Gauntlet | Reached XP level 11. HP: 30/61 MP: 13/13
 12173 | Gauntlet | Found a transporter.
 12206 | Gauntlet | Found a transporter.
 12206 | Gauntlet | Found a transporter.
 12211 | Gauntlet | Killed a fire crab
 12211 | Gauntlet | Reached skill level 5 in Throwing
 12695 | Gauntlet | Identified the +4 plate armour of Peek-a-Boo {*Contam rPois
                  | rCorr}
 12695 | Gauntlet | Noticed a minotaur
 12778 | Gauntlet | Killed a minotaur
 12778 | Gauntlet | Reached skill level 1 in Evocations
 13514 | Lair:1   | Reached skill level 14 in Stealth
 13515 | Lair:1   | Noticed a six-headed hydra
 13524 | Lair:1   | Killed a six-headed hydra
 13953 | Lair:2   | Noticed Harold
 13968 | Lair:2   | Killed Harold
 14820 | Lair:2   | Reached skill level 15 in Stealth
 15073 | Lair:2   | Learned a level 2 spell: Poisonous Vapours
 15077 | Lair:2   | Learned a level 3 spell: Portal Projectile
 15450 | Lair:3   | HP: 3/61 [poisoned by a redback]
 15455 | Lair:3   | HP: 2/61 [poisoned by a redback]
 15462 | Lair:3   | HP: 1/61 [poisoned by a redback]
 15470 | Lair:3   | HP: 1/61 [poisoned by a redback]
 15772 | Lair:3   | Found a hole to the Spider Nest.
 16084 | Lair:3   | Reached XP level 12. HP: 66/66 MP: 15/15
 16087 | Lair:3   | Reached **** piety under Dithmenos
 16669 | Spider:1 | Entered Level 1 of the Spider Nest
 17296 | Lair:3   | Reached skill level 16 in Stealth
 17486 | Lair:3   | HP: 2/66 [demonic crawler (12)]
 17490 | Lair:3   | Mangled by a demonic crawler

Levels and vault maps discovered:
D:1:      minmay_arrival_shattered_statue, layout_basic
D:2:      layout_rooms, grunt_qazlal_sundering, hangedman_decor_points,
          nicolae_underground_beach
D:3:      layout_basic, gammafunk_temple_overflow_forgotten
D:4:      layout_rooms, minmay_temple_entry_statues_pillars, first_ration,
          minmay_cut_off, uniq_natasha
D:5:      layout_basic, lemuel_flamethrower_2
D:6:      layout_basic, minivault_10, uniq_menkaure
D:7:      layout_cave_pools, slow_altar_1, uniq_joseph
D:8:      old_forge, layout_cave_pools, makhleb_heckhound_becter,
          david_lair_generic
Temple:   regret_index_temple_generic_petals
Lair:1:   layout_chaotic_city, gauntlet_entry_generic,
          infiniplex_staircase_pool, grunt_megastairs_1, serial_bayou_shore_a
Lair:2:   layout_chaotic_city, uniq_harold
Lair:3:   layout_roguey, spider_nest_entry_webs, beast_lair_carwin_2,
          lemuel_fruit_tree, grunt_megastairs_2
Spider:1: layout_spider_delve

Skill      XL: |  1  2  3  4  5  6  7  8  9 10 11 12 |
---------------+-------------------------------------+-----
Stealth        | 6 7 8 10 11 12 13 15 16 | 16.1
Dodging        | 2 3 5 6 8 10 13 | 13.3
Short Blades   | 3 4 5 6 7 9 |  9.4
Fighting       | 2 3 4 5 |  5.9
Slings         | 5 8 |  8.8
Throwing       | 3 4 6 |  6.3
Hexes          | 2 |  2.2
Spellcasting   | 1 |  1.0
Evocations     | 2 |  2.7
Translocations | |  0.1

Action                   |  1- 3 |  4- 6 |  7- 9 | 10-12 || total
-------------------------+-------+-------+-------+-------++-------
Melee: Dagger            |    72 |   177 |   367 |   643 ||  1259
 Fire: Hunting sling     |       |       |   306 |    20 ||   326
Throw: Dart              |       |       |    17 |    53 ||    70
 Cast: Slow              |       |       |     2 |     2 ||     4
 Abil: Evoke Flight      |       |       |       |     1 ||     1
Evoke: Wand              |       |       |       |     6 ||     6
  Use: Scroll            |       |     8 |     8 |     7 ||    23
       Potion            |       |     1 |       |    11 ||    12
 Stab: Sleeping          |     7 |    13 |    17 |    30 ||    67
       Distracted        |     1 |     1 |     2 |     2 ||     6
  Eat: Ration            |       |     1 |     3 |     4 ||     8
Armor: Robe              |     8 |    17 |    36 |    25 ||    86
Dodge: Dodged            |    47 |   127 |   520 |   699 ||  1393

Table legend:
 A = Non-vault XP
 B = Vault XP
 C = Vault XP percentage of total XP
 D = Non-vault monster count
 E = Vault monster count
 F = Vault count percentage of total count
                 A         B        C        D         E       F
            +---------+---------+-------+---------+---------+-------
      Total |   14041 |   12624 |  47.3 |     183 |      61 |  25.0
            +---------+---------+-------+---------+---------+-------
        D:1 |      31 |       0 |   0.0 |      16 |       0 |   0.0
        D:2 |      92 |       0 |   0.0 |      19 |       0 |   0.0
        D:3 |      90 |       0 |   0.0 |      16 |       0 |   0.0
        D:4 |     353 |      81 |  18.7 |      20 |       3 |  13.0
        D:5 |     740 |       0 |   0.0 |      15 |       0 |   0.0
        D:6 |     993 |     169 |  14.5 |      25 |       1 |   3.8
        D:7 |    1690 |    1489 |  46.8 |      20 |       8 |  28.6
        D:8 |     912 |     815 |  47.2 |      13 |      13 |  50.0
     Lair:1 |    2644 |     355 |  11.8 |       9 |       2 |  18.2
     Lair:2 |    2647 |    1002 |  27.5 |      12 |       1 |   7.7
     Lair:3 |    2973 |    2706 |  47.6 |      14 |      11 |  44.0
   Spider:1 |     876 |       0 |   0.0 |       4 |       0 |   0.0
   Gauntlet |       0 |    6007 | 100.0 |       0 |      22 | 100.0
            +---------+---------+-------+---------+---------+-------
